 Dungeon Sprint DCSS version 0.21-a0-72-gbbb65ab (webtiles) character file.

60 Kidiri the Insei (level 3, -4/31 HPs)
             Began as a Draconian Transmuter on June 20, 2017.
             Was a Priest of Wu Jian.
             Slain by a warg (13 damage)
             ... in the Dungeon (Sprint VII: "The Pits").
             The game lasted 00:03:14 (572 turns).

Kidiri the Insei (Draconian Transmuter)              Turns: 572, Time: 00:03:14

Health: -4/31      AC:  2    Str: 12    XL:     3   Next: 80%
Magic:  5/7        EV: 21    Int: 13    God:    Wu Jian [***...]
Gold:   0          SH:  0    Dex: 17    Spells: 4/8 levels left

rFire    . . .     SeeInvis .     - Unarmed
rCold    . . .     Gourm    .   (shield currently unavailable)
rNeg     . . .     Faith    .   (armour unavailable)
rPois    x         Spirit   .   (helmet currently unavailable)
rElec    .         Reflect  .   (cloak currently unavailable)
rCorr    .         Harm     .   (gloves currently unavailable)
MR       .....     NoTele   +   (boots currently unavailable)
Stlth    ++........             (no amulet)
HPRegen  0.10/turn              (no ring)
MPRegen  0.10/turn              (no ring)

@: spider-form (expiring)
A: unfitting armour, AC +5
a: End Transformation, Renounce Religion


You were in the Dungeon.
You worshipped Wu Jian.
Wu Jian was most pleased with you.
You were not hungry.
You were a venomous arachnid creature.
You visited 1 branch

Inventory:

Missiles
 a - 12 arrows
Scrolls
 i - a scroll of blinking
 l - 3 scrolls of remove curse
 m - 5 scrolls of amnesia
 n - a scroll of summoning
Potions
 d - 6 potions of curing
 e - 5 potions of heal wounds
 f - a potion of haste
 g - 4 potions of magic
 h - 2 potions of berserk rage
 k - 2 potions of invisibility
Books
 b - a book of Changes

   Spells                             Type                      Level
   a - Beastly Appendage              Transmutation                1
   b - Sticks to Snakes               Transmutation                2
   c - Spider Form                    Transmutation/Poison         3
   d - Ice Form                       Ice/Transmutation            4
   e - Blade Hands                    Transmutation                5
Comestibles
 c - 8 bread rations
 j - 2 chunks of flesh
 o - 40 fruits
 p - 7 meat rations


   Skills:
 * Level 3.2 Fighting
 * Level 3.3 Dodging
 * Level 2.6 Stealth
 * Level 4.1 Unarmed Combat
 * Level 3.4 Spellcasting
 * Level 3.4 Transmutations
 + Level 0.8 Poison Magic


You had 4 spell levels left.
You knew the following spells:

 Your Spells              Type           Power        Failure   Level  Hunger
a - Beastly Appendage     Tmut           ##....       16%         1    #......
b - Spider Form           Tmut/Pois      #.........   50%         3    ###....


Dungeon Overview and Level Annotations

Branches:
Dungeon (1/1)

Altars:
Ashenzari
Cheibriados
Dithmenos
Elyvilon
Fedhas
Gozag
Hepliaklqana
Kikubaaqudgha
Makhleb
Nemelex Xobeh
Okawaru
Qazlal
Ru
Sif Muna
Trog
Uskayaw
Vehumet
Wu Jian
Xom
Yredelemnul
Zin
The Shining One
Beogh
Jiyva
Lugonu


Innate Abilities, Weirdness & Mutations

((Your plain brown scales are hard. (AC +5)))
You cannot fit into any form of body armour.
((You are cold-blooded and may be slowed by cold attacks.))


Message History

Unknown command.
The warg completely misses you.
Unknown command.
You spin and attack the warg.
You hit the warg but do no damage.
The warg is moderately wounded.
Your transformation is almost over.
The warg misses you.
Your magical contamination has completely faded away.
A flying skull comes into view.
Unknown command.
The flying skull gives a hideous shriek!
Unknown command.
Okay, then.
Unknown command.
You spin and attack the flying skull.
You hit the flying skull but do no damage.
The flying skull completely misses you. The flying skull hits you!
* * * LOW HITPOINT WARNING * * *
The warg bites you!
You die...

#.##+#..#+###...<...#
#.#........##.......#
#.#........##.......#
#'###########.......#
#.......# #########
#..#5#..# #.##J##.#
#...hz..# #.##s##.#
#..#.# # #.....
#######


You could see a warg, a flying skull, an ooze and a white imp.

Vanquished Creatures
  A mummy (D)
  2 gnolls (D)
  2 river rats (D)
  A leopard gecko (D)
  A giant cockroach (D)
  A goblin (D)
  A kobold (D)
  A quokka (D)
  A rat (D)
11 creatures vanquished.

Notes
Turn   | Place    | Note
-------+----------+-------------------------------------------
     0 | D        | Kidiri the Draconian Transmuter began the quest for the Orb.
     0 | D        | Reached XP level 1. HP: 16/16 MP: 3/3
    22 | D        | Reached skill level 1 in Stealth
    22 | D        | Reached XP level 2. HP: 10/24 MP: 3/5
    53 | D        | Found a bloodstained altar of Trog.
    53 | D        | Found a deep blue altar of Sif Muna.
    53 | D        | Found a viscous altar of Jiyva.
    53 | D        | Found a hazy altar of Hepliaklqana.
    53 | D        | Found an opulent altar of Gozag.
    54 | D        | Found a glowing golden altar of the Shining One.
    54 | D        | Found a glowing silver altar of Zin.
    54 | D        | Found a basalt altar of Yredelemnul.
    54 | D        | Found a shimmering altar of Xom.
    54 | D        | Found an ornate altar of the Wu Jian Council.
    54 | D        | Found a sacrificial altar of Ru.
    54 | D        | Found a stormy altar of Qazlal.
    54 | D        | Found an iron altar of Okawaru.
    54 | D        | Found a sparkling altar of Nemelex Xobeh.
    54 | D        | Found a burning altar of Makhleb.
    54 | D        | Found a blossoming altar of Fedhas.
    54 | D        | Found a white marble altar of Elyvilon.
    54 | D        | Found a shadowy altar of Dithmenos.
    54 | D        | Found a snail-covered altar of Cheibriados.
    56 | D        | Found a radiant altar of Vehumet.
    56 | D        | Found a corrupted altar of Lugonu.
    56 | D        | Found a roughly hewn altar of Beogh.
    57 | D        | Found a hide-covered altar of Uskayaw.
    57 | D        | Found an ancient bone altar of Kikubaaqudgha.
    57 | D        | Found a shattered altar of Ashenzari.
    65 | D        | Became a worshipper of the Wu Jian Council
   211 | D        | Reached * piety under Wu Jian
   362 | D        | Reached ** piety under Wu Jian
   362 | D        | Reached skill level 4 in Unarmed Combat
   362 | D        | Reached XP level 3. HP: 20/30 MP: 5/7
   369 | D        | Learned a level 3 spell: Spider Form
   534 | D        | Noticed a warg
   567 | D        | Reached *** piety under Wu Jian
   570 | D        | Noticed a flying skull
   572 | D        | Slain by a warg

Vault maps used:
D:        pitsprint

Skill      XL: |  1  2  3 |
---------------+----------+-----
Fighting       | 2 3 |  3.2
Dodging        | 2 3 |  3.3
Stealth        | 1 2 |  2.6
Unarmed Combat | 4 |  4.1
Spellcasting   | 3 |  3.4
Transmutations | 3 |  3.4
Poison Magic   | |  0.8

Action                   || total
-------------------------++-------
Melee: Unarmed           ||    50
       Headbutt          ||     7
       Tailslap          ||     4
       Kick              ||     2
 Cast: Beastly Appendage ||     5
       Spider Form       ||     2
  Use: Potion            ||     2
Dodge: Dodged            ||    28
